 Dungeon Crawl Stone Soup version 0.25-a0-51-gc466198 (webtiles) character file.

Game seed: 11079160507904517119, levelgen mode: deterministic

62461 Deaus the Destroyer (level 14, -15/98 HPs)
             Began as a Mummy Conjurer on Oct 22, 2019.
             Was an Initiate of Gozag.
             Demolished by Donald
             ... wielding a +2 scimitar of electrocution
              (26 damage)
             ... on level 4 of the Lair of Beasts on Oct 25, 2019.
             The game lasted 02:28:29 (50992 turns).

Deaus the Destroyer (Mummy Conjurer)               Turns: 50992, Time: 02:28:29

Health: -15/98     AC: 23    Str: 16    XL:     14   Next: 64%
Magic:  3/29       EV: 15    Int: 25    God:    Gozag
Gold:   2022       SH:  5    Dex: 15    Spells: 16/35 levels left

rFire    + . .     SeeInvis .   b - +10 rapier "Sousytisto" {freeze, rF+ Int+7 Dex+3}
rCold    + . .     Gourm    .   k - +0 buckler
rNeg     + + +     Faith    .   r - +4 ring mail {rF+}
rPois    ∞         Spirit   .   n - +0 helmet
rElec    .         Reflect  .   l - +2 cloak
rCorr    .         Harm     +   q - +1 pair of gloves {Str+3}
MR       +....                  w - +0 pair of boots
Stlth    +.........             y - amulet of harm
HPRegen  0.26/turn              d - +3 ring of protection
MPRegen  0.21/turn              e - +2 ring of protection

@: about to teleport
A: no food or potions, fire vulnerability, cold resistance 1, negative energy
resistance 3, torment resistance, unbreathing, in touch with death 1
a: Potion Petition, Call Merchant, Bribe Branch, Renounce Religion


You were on level 4 of the Lair of Beasts.
You worshipped Gozag.
Gozag was most pleased with you.
You were not hungry.

You visited 5 branches of the dungeon, and saw 21 of its levels.

You collected 4729 gold pieces.
You spent 930 gold pieces at shops.
You paid 1777 gold pieces to Gozag.

Inventory:

Hand Weapons
 a - the +8 mace "Arcanum" {crush, rF+ rC+ Dex+4}
   (You found it on level 6 of the Dungeon)

   It inflicts extra damage upon your enemies.
   It affects your dexterity (+4).
   It protects you from fire.
   It protects you from cold.
 b - the +10 rapier "Sousytisto" (weapon) {freeze, rF+ Int+7 Dex+3}
   (You found it on level 6 of the Lair of Beasts)

   It has been specially enchanted to freeze those struck by it, causing extra
   injury to most foes and up to half again as much damage against particularly
   susceptible opponents.
   It can also slow down cold-blooded creatures.
   It affects your intelligence (+7).
   It affects your dexterity (+3).
   It protects you from fire.
Armour
 k - a +0 buckler (worn)
 l - a +2 cloak (worn)
 n - a +0 helmet (worn)
 q - a +1 pair of gloves of strength (worn)
 r - a +4 ring mail of fire resistance (worn)
 w - a +0 pair of boots (worn)
 L - the +0 cloak of Space {rC++ Stlth+}
   (You bought it in a shop on level 10 of the Dungeon)

   It greatly protects you from cold.
   It makes you more stealthy.
Magical Staves
 H - an uncursed staff of conjuration
Jewellery
 d - a +3 ring of protection (left hand)
 e - a +2 ring of protection (right hand)
 h - an uncursed ring of see invisible
 j - an uncursed ring of wizardry
 x - an uncursed ring of protection from cold
 y - an amulet of harm (around neck)
Wands
 p - a wand of flame (44)
 u - a wand of acid (2)
 B - a wand of iceblast (16)
 E - a wand of paralysis (12)
Scrolls
 c - 5 scrolls of magic mapping
 f - 2 scrolls of remove curse
 g - a scroll of fog
 i - 6 scrolls of identify
 o - a scroll of amnesia
 s - 10 scrolls of immolation
 t - 3 scrolls of teleportation
 z - 2 scrolls of holy word
 A - 2 scrolls of enchant armour
 D - a scroll of enchant weapon
 I - a scroll of fear
 K - a scroll of torment


   Skills:
 - Level 5.0 Fighting
 - Level 1.0(1.1) Short Blades
   Level 0.6(1.0) Long Blades
 - Level 7.1 Maces & Flails
 - Level 0.3(4.4) Staves
 - Level 5.2 Armour
 - Level 7.0 Dodging
 - Level 1.5 Stealth
 - Level 4.2 Shields
 - Level 11.0 Spellcasting
 - Level 12.0 Conjurations
 - Level 4.0 Hexes
 - Level 4.0 Translocations
 - Level 4.0 Transmutations
 + Level 8.8 Earth Magic
 - Level 3.0 Evocations


You had 16 spell levels left.
You knew the following spells:

 Your Spells              Type           Power        Failure   Level  Hunger
a - Magic Dart            Conj           ####         1%          1    N/A
b - Dazzling Spray        Conj/Hex       ######       1%          3    N/A
c - Iskenderun's Mystic   Conj           ######..     1%          4    N/A
d - Lee's Rapid Deconstr  Erth           ######....   6%          5    N/A
e - Blink                 Tloc           N/A          2%          2    N/A
f - Petrify               Tmut/Erth      #####...     5%          4    N/A

Your spell library contained the following spells:

 Spells                   Type           Power        Failure   Level  Hunger
 Sandblast                Erth           ######       1%          1    N/A
 Passwall                 Tmut/Erth      #####...     1%          2    N/A
 Searing Ray              Conj           ######       1%          2    N/A
 Stone Arrow              Conj/Erth      ######       1%          3    N/A
 Sticks to Snakes         Tmut           ####....     2%          2    N/A
 Force Lance              Conj/Tloc      ######..     3%          4    N/A
 Fulminant Prism          Conj/Hex       ######....   3%          4    N/A
 Gell's Gravitas          Tloc           ####......   4%          3    N/A
 Lesser Beckoning         Tloc           ####......   4%          3    N/A
 Teleport Other           Tloc           ####....     4%          3    N/A
 Shroud of Golubria       Chrm/Tloc      ###...       5%          2    N/A
 Passage of Golubria      Tloc           N/A          16%         4    N/A
 Beastly Appendage        Tmut           Unusable     N/A         1    N/A
 Spider Form              Tmut/Pois      Unusable     N/A         3    N/A
 Ice Form                 Ice/Tmut       Unusable     N/A         4    N/A
 Blade Hands              Tmut           Unusable     N/A         5    N/A

Dungeon Overview and Level Annotations

Branches:
Dungeon (11/15)            Temple (1/1) D:4            Lair (6/6) D:10
  Swamp (2/4) Lair:4        Snake (1/4) Lair:4        Slime (0/5) Lair:5
    Orc (0/2) D:11

Altars:
Ashenzari
Cheibriados
Dithmenos
Fedhas
Gozag
Hepliaklqana
Kikubaaqudgha
Makhleb
Nemelex Xobeh
Okawaru
Qazlal
Ru
Sif Muna
Trog
Uskayaw
Vehumet
Wu Jian
Xom
Yredelemnul
Zin
The Shining One
Beogh

Shops:
D:10 *[

Annotations:
D:3 Pikel
D:7 3 runed translucent doors, GameKiller's ghost, novice DDFi
Lair:4 Donald
Snake:1 Roxanne


Innate Abilities, Weirdness & Mutations

You do not eat or drink.
Your flesh is vulnerable to fire.
You are immune to poison.
Your flesh is cold resistant. (rC+)
You are immune to negative energy. (rN+++)
You are immune to unholy pain and torment.
You can survive without breathing.
You are in touch with the powers of death.


Message History

Confirm with . or Enter, or press ? or * to list all spells.
You blink.
Donald says, "That colour you're wearing?
I hate that."
Casting: Blink (safe; 2% risk of failure)
Confirm with . or Enter, or press ? or * to list all spells.
You blink.
Donald says, "And you think you've got it bad..."
Donald hits you with a +2 scimitar of electrocution!
* * * LOW HITPOINT WARNING * * *
As you read the scroll of teleportation, it crumbles to dust.
You feel strangely unstable.
Donald hits you with a +2 scimitar of electrocution!
* * * LOW HITPOINT WARNING * * *
Casting: Blink (safe; 2% risk of failure)
Confirm with . or Enter, or press ? or * to list all spells.
You blink.
Donald says, "Is it turtles all the way down?"
Donald hits you with a +2 scimitar of electrocution!!
You die...
Your body crumbles into a pile of gold.

....##..#.P##....................
....#..######....................
...P...PP##.P................#...
....P..P...................P.##..
.....P.......#.....#.....##..P#..
..........##.#...........###.PP..
..........####.....###........b..
....#.#....# #...................
....##..#### #..@...#............
..####### #.§@.##.>.##[...b...
.## #..#........##...... ##
##§#....⌠....##..... #
##......##...##.... #
###....###.#....##... #######
#....#.######....#...
#.##P.####....#.....##....#..
###...........................


You could see Donald.

Vanquished Creatures
  Josephine (Lair:4)
  7 hydras
  5 naga warriors (Snake:1)
  An anaconda (Snake:1)
  A two-headed ogre (D:10)
  A ghost crab (Swamp:1)
  An alligator (Lair:6)
  A shock serpent (Snake:1)
  An unseen horror (D:10)
  A swamp dragon (Lair:4)
  4 oklob plants (Lair:4)
  An ugly thing (D:10)
  A guardian serpent (Snake:1)
  A salamander (Snake:1)
  6 black mambas
  4 rime drakes
  16 spiny frogs
  11 komodo dragons
  6 hornets
  9 tyrant leeches
  9 polar bears
  2 trolls
  Grinder (D:3)
  A raiju (Lair:6)
  11 slime creatures
  9 blink frogs
  A dream sheep (Lair:6)
  2 bog bodies (Swamp:1)
  5 hippogriffs
  3 spriggans
  4 wraiths
  A shadow (D:11)
  3 wyverns
  A human (D:7)
  31 yaks
  2 hogs
  Eustachio (D:6)
  2 hungry ghosts
  3 basilisks
  2 steam dragons (Lair:6)
  9 swamp worms
  2 vampire mosquitoes
  4 nagas (Snake:1)
  5 insubstantial wisps (Swamp:2)
  6 wargs (Lair:6)
  14 water moccasins
  14 hell hounds (Lair:6)
  2 acid dragons (Lair:6)
  8 porcupines
  2 sky beasts
  3 ice beasts
  6 orc warriors
  2 swamp drakes
  4 slaves (D:4)
  12 black bears
  2 phantoms (D:7)
  5 ogres
  A necrophage (D:8)
  31 wolves
  11 crocodiles
  7 centaurs
  4 big kobolds
  17 bullfrogs
  2 gnoll sergeants (D:11)
  2 scorpions
  9 wights
  6 killer bees (D:7)
  2 vampire bats (Lair:6)
  An electric eel (D:10)
  2 howler monkeys
  3 crimson imps
  2 centaur zombies
  5 hounds
  A quasit (D:7)
  2 bullfrog zombies
  4 orc priests
  12 jellies
  5 orc wizards
  2 centaur skeletons (D:5)
  3 iguanas
  Jessica (D:2)
  Natasha (twice) (D:2)
  10 worker ants
  A hound zombie (D:6)
  A hound skeleton (D:4)
  2 worker ant zombies
  Robin (D:3)
  A howler monkey zombie (D:5)
  14 adders
  8 gnolls
  2 shadow imps
  3 oozes
  3 adder skeletons
  2 adder zombies
  4 worms
  4 dart slugs
  7 leopard geckos
  61 orcs
  13 giant cockroaches
  13 hobgoblins
  8 jackals
  12 kobolds
  5 quokkas
  19 bats
  2 frilled lizards (D:3)
  18 goblins
  A jackal skeleton (D:4)
  2 leopard gecko skeletons
  A quokka skeleton (D:4)
  A quokka zombie (D:3)
  10 rats
  A fungus (Lair:6)
  3 plants
643 creatures vanquished.

Vanquished Creatures (others)
  4 dream sheep (Lair:6)
  A slime creature (Swamp:1)
  13 fungi
  46 plants
64 creatures vanquished.

Grand Total: 707 creatures vanquished

Notes
Turn   | Place    | Note
-------+----------+-------------------------------------------
     0 | D:1      | Deaus the Mummy Conjurer began the quest for the Orb.
     0 | D:1      | Reached XP level 1. HP: 13/13 MP: 4/4
   353 | D:1      | Reached XP level 2. HP: 19/19 MP: 0/6
  1175 | D:1      | Reached XP level 3. HP: 24/24 MP: 3/7
  1633 | D:2      | Learned a level 3 spell: Dazzling Spray
  1646 | D:2      | Noticed Natasha
  1859 | D:2      | Noticed Jessica
  1905 | D:2      | Killed Jessica
  1915 | D:2      | Reached skill level 4 in Conjurations
  1915 | D:2      | Reached XP level 4. HP: 12/31 MP: 0/9
  2485 | D:2      | Reached skill level 1 in Fighting
  2592 | D:2      | Learned a level 4 spell: Iskenderun's Mystic Blast
  2987 | D:2      | Reached skill level 1 in Short Blades
  3189 | D:2      | Reached skill level 1 in Hexes
  3284 | D:2      | Found an ornate altar of the Wu Jian Council.
  3424 | D:3      | Noticed Robin
  3428 | D:3      | Killed Robin
  3428 | D:3      | Reached XP level 5. HP: 37/37 MP: 3/10
  3942 | D:3      | Found a glowing golden altar of the Shining One.
  3983 | D:3      | Noticed Grinder
  4002 | D:3      | Paralysed by Grinder for 6 turns
  4017 | D:3      | Killed Grinder
  4017 | D:3      | Reached XP level 6. HP: 33/43 MP: 4/13
  4723 | D:3      | Reached skill level 5 in Spellcasting
  5272 | D:4      | Reached XP level 7. HP: 48/48 MP: 10/14
  5329 | D:4      | Found a radiant altar of Vehumet.
  6095 | D:4      | Reached skill level 5 in Conjurations
  6377 | D:4      | Noticed Pikel
  7065 | D:4      | Found a staircase to the Ecumenical Temple.
  7075 | Temple   | Entered the Ecumenical Temple
  7277 | D:2      | Killed Natasha
  7325 | D:2      | Noticed Natasha
  7334 | D:2      | Killed Natasha
  7388 | D:2      | Found a faded altar of an unknown god.
  7866 | D:5      | Entered Level 5 of the Dungeon
  8394 | D:5      | Reached XP level 8. HP: 47/54 MP: 9/18
  8658 | D:5      | Found a basalt altar of Yredelemnul.
  9150 | D:6      | Noticed Eustachio
  9168 | D:6      | Killed Eustachio
  9168 | D:6      | Reached skill level 6 in Conjurations
  9259 | D:6      | Found a shimmering altar of Xom.
  9630 | D:6      | Got a smoking mace
  9635 | D:6      | Identified the +8 mace "Arcanum" {crush, rF+ rC+ Dex+4}
                  | (You found it on level 6 of the Dungeon)
 10492 | D:6      | Reached skill level 1 in Maces & Flails
 10492 | D:6      | Reached skill level 1 in Shields
 10492 | D:6      | Reached skill level 7 in Conjurations
 11233 | D:7      | Reached XP level 9. HP: 60/61 MP: 9/19
 12308 | D:7      | Found an opulent altar of Gozag.
 12319 | D:7      | Became a worshipper of Gozag Ym Sagoz the Greedy
 12344 | D:7      | Found a runed translucent gate.
 12382 | D:7      | Found a runed translucent gate.
 12387 | D:7      | Found a runed translucent gate.
 12387 | D:7      | Noticed GameKiller's ghost (novice DDFi)
 12442 | D:6      | Reached skill level 1 in Armour
 13137 | D:8      | Reached skill level 8 in Conjurations
 13386 | D:8      | Reached XP level 10. HP: 71/71 MP: 4/20
 13757 | D:8      | Found a roughly hewn altar of Beogh.
 15093 | D:9      | Found an iron altar of Okawaru.
 15411 | D:9      | Found a stormy altar of Qazlal.
 15682 | D:9      | Found a sparkling altar of Nemelex Xobeh.
 15990 | D:10     | Entered Level 10 of the Dungeon
 16261 | D:10     | Reached skill level 9 in Conjurations
 16527 | D:10     | Noticed a two-headed ogre
 16762 | D:10     | Noticed an unseen horror
 16772 | D:10     | Killed an unseen horror
 17107 | D:10     | Killed a two-headed ogre
 17107 | D:10     | Reached skill level 10 in Conjurations
 17652 | D:10     | Reached skill level 1 in Evocations
 18313 | D:10     | Found a staircase to the Lair.
 18318 | D:10     | Got a blackened shield
 18675 | D:10     | Reached skill level 5 in Maces & Flails
 18675 | D:10     | Reached XP level 11. HP: 77/77 MP: 0/21
 19111 | D:10     | Identified the cursed +0 shield of Dice, Bag, and Bottle
                  | {MP+9 Stlth+} (You found it on level 10 of the Dungeon)
 19351 | D:11     | Found a staircase to the Orcish Mines.
 19986 | Lair:1   | Entered Level 1 of the Lair of Beasts
 20680 | Lair:1   | You fall into a shaft and drop 1 floor!
 22203 | Lair:2   | Found the +2 cloak of the Thief {+Fog Slay-2 SInv Stlth+}
 22289 | Lair:2   | Reached skill level 5 in Dodging
 22482 | Lair:2   | Upgraded the game from 0.25-a0-42-g6c54e25 to
                  | 0.25-a0-44-g29a1220
 22852 | Lair:2   | Noticed a five-headed hydra
 22861 | Lair:2   | Killed a five-headed hydra
 22861 | Lair:2   | Reached skill level 5 in Fighting
 23597 | Lair:2   | Reached XP level 12. HP: 60/86 MP: 4/24
 25092 | Lair:3   | Found a stormy altar of Qazlal.
 25965 | Lair:4   | Found a staircase to the Snake Pit.
 26545 | Lair:4   | Reached skill level 11 in Conjurations
 27363 | Lair:4   | Noticed Josephine
 27525 | Lair:4   | Killed Josephine
 28630 | Lair:4   | Found a staircase to the Swamp.
 31211 | Lair:4   | Reached skill level 10 in Spellcasting
 31315 | Lair:4   | Got a warped dire flail
 31349 | Lair:4   | Identified the +6 dire flail "Lohax" {freeze, Dex+2} (You
                  | found it on level 4 of the Lair of Beasts)
 31432 | Lair:5   | Upgraded the game from 0.25-a0-44-g29a1220 to
                  | 0.25-a0-51-gc466198
 31782 | Lair:5   | Gained mutation: You are in touch with the powers of death.
                  | [Mummy growth]
 31782 | Lair:5   | Reached XP level 13. HP: 64/91 MP: 15/27
 32391 | Lair:5   | Found a staircase to the Slime Pits.
 33726 | Lair:6   | Entered Level 6 of the Lair of Beasts
 33808 | Lair:6   | Reached skill level 5 in Armour
 34360 | Lair:6   | Learned a level 5 spell: Lee's Rapid Deconstruction
 34740 | Lair:6   | Got a crystal flail
 34741 | Lair:6   | Identified the +6 flail of the Wraith {crush, rC+} (You
                  | found it on level 6 of the Lair of Beasts)
 34957 | Lair:6   | Reached skill level 12 in Conjurations
 35964 | Lair:6   | Reached skill level 1 in Earth Magic
 36287 | Lair:6   | Found a shimmering altar of Xom.
 38407 | Lair:6   | Reached skill level 5 in Earth Magic
 39090 | Lair:6   | Got a pitted rapier
 39099 | Lair:6   | Noticed a fire dragon
 39198 | Lair:6   | Identified the +10 rapier "Sousytisto" {freeze, rF+ Int+7
                  | Dex+3} (You found it on level 6 of the Lair of Beasts)
 39261 | Swamp:1  | Entered Level 1 of the Swamp
 40524 | Lair:4   | Learned a level 2 spell: Blink
 40860 | Lair:4   | Reached skill level 1 in Translocations
 41836 | Lair:4   | Reached XP level 14. HP: 75/98 MP: 7/29
 43953 | D:10     | Bought a fine cloak for 313 gold pieces
 43963 | D:10     | Identified the cursed +0 cloak of Space {rC++ Stlth+} (You
                  | bought it in a shop on level 10 of the Dungeon)
 43998 | D:10     | Bought a +1 pair of gloves of strength for 214 gold pieces
 44040 | D:10     | Bought a +4 ring mail of fire resistance for 403 gold
                  | pieces
 46215 | Swamp:1  | Learned a level 4 spell: Petrify
 46961 | D:11     | Found a shadowy altar of Dithmenos.
 47019 | D:11     | Reached skill level 1 in Transmutations
 47282 | D:11     | Noticed Fannar
 47292 | D:11     | Noticed a fire giant
 48832 | Snake:1  | Entered Level 1 of the Snake Pit
 48833 | Snake:1  | Noticed Roxanne
 50572 | Snake:1  | Noticed Donald
 50992 | Lair:4   | Demolished by Donald

Levels and vault maps discovered:
D:1:      elethiomel_arrival_maze, layout_basic, minmay_misc_feat_room
D:2:      minmay_chambers_of_twos, layout_loops_ring, lemuel_doored_altar,
          first_ration, chequers_ecumenical_altar_simple,
          minmay_misc_feat_secret_circle, minmay_misc_feat_x,
          kennysheep_generic_room_7, uniq_jessica, uniq_natasha
D:3:      layout_loops_ring, nicolae_tso_carved_into_rock,
          minmay_quadrilaterals, uniq_robin, uniq_grinder
D:4:      layout_basic, kennysheep_mini_moat, minmay_temple_entry_fiery,
          serial_glass, glass_columns_a, glass_columns_c, item_on_display_a,
          minmay_strange_pillars, uniq_pikel
D:5:      layout_basic, lemuel_crystal_altar
D:6:      layout_basic, lemuel_crystal_altar, nicolae_overflow_hidden_temple,
          uniq_eustachio
D:7:      layout_rooms, grunt_gozag_breadcrumbs, gammafunk_ghost_necromancy,
          grunt_livestock
D:8:      layout_loops_ring, special_room [special_room_orc]
D:9:      layout_loops_ring, lemuel_crystal_altar,
          nemelex_xobeh_ov_fountains_minmay, okawaru_gym_becter
D:10:     layout_basic, erik_lair_island, nicolae_benzene_ring
D:11:     minmay_complete_graph, layout_loops_ring,
          kennysheep_orc_monster_closet_entryway, special_room
          [special_room_bee], nicolae_dithmenos_the_darkroom, uniq_fannar
Temple:   nicolae_temple_god_jail
Lair:1:   layout_roguey, serial_bayou_lagoon_a, bh_autumn_forest_stairs,
          chequers_serial_rivers_micro_c
Lair:2:   layout_roguey, chequers_serial_rivers_marsh, st_stairs_10,
          minivault_26
Lair:3:   layout_cave_pods, basic_altar, lemuel_fruit_tree
Lair:4:   layout_gridlike, swamp_mist, dummy_snake_entry, beast_lair_carwin_9,
          grunt_megastairs_5, lemuel_fruit_fields, minmay_lair_oklob_chamber,
          uniq_josephine
Lair:5:   layout_regular_city, minmay_slime_entry_jelly_boxes,
          lemuel_fruit_fields
Lair:6:   guppyfry_lair_end_dragon, layout_loops_ring,
          hangedman_lair_caniforms_friends, roderic_batcave,
          kb_xom_exploding_sheep, grunt_megastairs_1
Swamp:1:  layout_basic_swamp, evilmike_swamp_ruin_rubble_2
Swamp:2:  layout_basic_swamp, hangedman_swamp_ruin_hall
Snake:1:  layout_layer_cave, serial_bayou_pond_a, uniq_roxanne, uniq_donald

Skill      XL: |  1  2  3  4  5  6  7  8  9 10 11 12 13 14 |
---------------+-------------------------------------------+-----
Spellcasting   | 3 4 5 6 7 8 10 11 | 11.0
Conjurations   | 4 5 7 8 10 11 12 | 12.0
Fighting       | 1 2 3 4 5 |  5.0
Short Blades   | 1 |  1.0
Hexes          | 1 2 3 4 |  4.0
Dodging        | 2 3 4 5 6 7 |  7.0
Maces & Flails | 1 4 5 6 7 |  7.1
Shields        | 1 3 4 |  4.2
Armour         | 1 2 4 5 |  5.2
Evocations     | 2 3 |  3.0
Earth Magic    | 6 8 |  8.8
Translocations | 2 4 |  4.0
Transmutations | 4 |  4.0
Long Blades    | |  0.6
Staves         | |  0.3
Stealth        | |  1.5

Action                   |  1- 3 |  4- 6 |  7- 9 | 10-12 | 13-15 || total
-------------------------+-------+-------+-------+-------+-------++-------
Melee: Unarmed           |     4 |       |       |       |       ||     4
       Short sword       |    18 |    26 |       |       |       ||    44
       Falchion          |       |    25 |   118 |       |       ||   143
       Mace              |       |       |   101 |   250 |    49 ||   400
       Staff             |       |       |       |     3 |       ||     3
       Rapier            |       |       |       |       |     4 ||     4
 Cast: Magic Dart        |    86 |   186 |   240 |   162 |    14 ||   688
       Dazzling Spray    |       |     1 |   117 |   209 |    46 ||   373
       Iskenderun's Myst |       |       |    21 |   225 |   478 ||   724
       Blink             |       |       |       |       |    50 ||    50
       Lee's Rapid Decon |       |       |       |       |    28 ||    28
       Petrify           |       |       |       |       |    17 ||    17
Invok: Call Merchant     |       |       |       |       |     2 ||     2
       Potion Petition   |       |       |       |       |     1 ||     1
Evoke: Wand              |       |       |       |     3 |     2 ||     5
  Use: Scroll            |       |     2 |     3 |    11 |    12 ||    28
 Stab: Invisible         |       |       |    20 |    21 |     1 ||    42
       Distracted        |       |       |       |     2 |     1 ||     3
       Sleeping          |       |       |       |     1 |       ||     1
Armor: Robe              |    11 |       |       |       |       ||    11
       Leather armour    |     5 |    43 |   101 |    51 |       ||   200
       Ring mail         |       |     1 |       |       |    64 ||    65
       Scale mail        |       |       |       |    67 |   128 ||   195
Dodge: Dodged            |    34 |    54 |   205 |   242 |   205 ||   740
Block: Buckler           |       |       |    38 |    95 |   101 ||   234
       Rpst.: Falchion   |       |     6 |    36 |       |       ||    42

Table legend:
 A = Non-vault XP
 B = Vault XP
 C = Vault XP percentage of total XP
 D = Non-vault monster count
 E = Vault monster count
 F = Vault count percentage of total count
                 A         B        C        D         E       F
            +---------+---------+-------+---------+---------+-------
      Total |   63313 |   25917 |  29.0 |     431 |     204 |  32.1
            +---------+---------+-------+---------+---------+-------
        D:1 |      63 |       0 |   0.0 |      25 |       0 |   0.0
        D:2 |     124 |      93 |  42.9 |      27 |      11 |  28.9
        D:3 |     173 |     327 |  65.4 |      27 |      18 |  40.0
        D:4 |     362 |       0 |   0.0 |      24 |       0 |   0.0
        D:5 |     425 |       0 |   0.0 |      16 |       0 |   0.0
        D:6 |     828 |     600 |  42.0 |      22 |       3 |  12.0
        D:7 |    1319 |     398 |  23.2 |      24 |       2 |   7.7
        D:8 |    1148 |     358 |  23.8 |      23 |      26 |  53.1
        D:9 |     699 |       0 |   0.0 |      19 |       0 |   0.0
       D:10 |    4151 |     915 |  18.1 |      32 |       8 |  20.0
       D:11 |     512 |    2220 |  81.3 |       9 |      22 |  71.0
     Lair:1 |    4212 |       0 |   0.0 |      19 |       0 |   0.0
     Lair:2 |    5598 |      93 |   1.6 |      22 |       1 |   4.3
     Lair:3 |    3276 |     332 |   9.2 |      16 |       3 |  15.8
     Lair:4 |   11311 |    6601 |  36.9 |      35 |      22 |  38.6
     Lair:5 |    3523 |     769 |  17.9 |      14 |      13 |  48.1
     Lair:6 |    3981 |   13211 |  76.8 |      14 |      75 |  84.3
    Swamp:1 |    7246 |       0 |   0.0 |      26 |       0 |   0.0
    Swamp:2 |    5172 |       0 |   0.0 |      22 |       0 |   0.0
    Snake:1 |    9190 |       0 |   0.0 |      15 |       0 |   0.0
            +---------+---------+-------+---------+---------+-------
